 Dungeon Crawl Stone Soup version 0.28-a0-1567-g1695149f81 (webtiles) character file.

Game seed: 3389471502912195149

682 rogsnak the Conjurer (level 7, -2/36 HPs)
             Began as a Tengu Air Elementalist on Jan 20, 2022.
             Slain by a steam dragon (3 damage)
             ... on level 5 of the Dungeon.
             The game lasted 00:08:23 (4621 turns).

rogsnak the Conjurer (Tengu Air Elementalist)       Turns: 4621, Time: 00:08:24

Health: -2/36      AC:  3    Str:  8    XL:     7   Next: 61%
Magic:  6/14       EV: 15    Int: 18    God:
Gold:   242        SH:  0    Dex: 14    Spells: 10/15 levels left

rFire   . . .      SeeInvis .   o - staff of air
rCold   . . .      Faith    .   (no shield)
rNeg    . . .      Spirit   .   a - +0 robe
rPois   .          Reflect  .   h - +1 hat
rElec   +          Harm     .   (no cloak)
rCorr   .          Rampage  .   (no gloves)
Will    .....                   (boots unavailable)
Stlth   ++........              (no amulet)
HPRegen 0.12/turn               (no ring)
MPRegen 0.14/turn               (no ring)

@: flying quickly and evasively, quick
A: beak, talons 3, nimble flight
a: no special abilities


You were on level 5 of the Dungeon.
You visited 1 branch of the dungeon, and saw 5 of its levels.

You collected 242 gold pieces.

Inventory:

Missiles
 c - 110 stones
 q - 2 throwing nets
 u - 20 poisoned darts
Armour
 a - a +0 robe (worn)
 h - a +1 hat (worn)
Magical Staves
 o - a staff of air (weapon)
Scrolls
 e - a scroll of summoning {unknown}
 f - a scroll of magic mapping {unknown}
 i - 2 scrolls of teleportation {unknown}
 j - 2 scrolls of enchant armour {unknown}
 l - 2 scrolls of identify {unknown}
 m - 2 scrolls of fear {unknown}
 r - a scroll of noise {unknown}
Potions
 g - a potion of haste {unknown}
 k - a potion of resistance {unknown}
 n - a potion of attraction {unknown}
 p - 3 potions of curing {unknown}
 s - a potion of experience {unknown}
 t - a potion of berserk rage {unknown}


   Skills:
 + Level 2.4 Dodging
 - Level 2.0 Stealth
 + Level 4.5 Spellcasting
 * Level 7.0 Conjurations
 + Level 6.4 Air Magic


You had 10 spell levels left.
You knew the following spells:

 Your Spells              Type           Power      Damage    Failure   Level
a - Shock                 Conj/Air       100%       1d9       1%          1
b - Airstrike             Air            20%        N/A       10%         4

Your spell library contained the following spells:

 Spells                   Type           Power      Damage    Failure   Level
 Static Discharge         Conj/Air       42%        N/A       1%          2
 Swiftness                Air            41%        N/A       3%          3
 Lightning Bolt           Conj/Air       21%        1d36      24%         5
 Maxwell's Capacitive Co  Air            20%        ∞         100%        8


Dungeon Overview and Level Annotations

Branches:
Dungeon (5/15)
 Temple: D:4-7

Altars:
Gozag

Shops:
D:3 !


Innate Abilities, Weirdness & Mutations

You have a beak for a mouth.
You have claws for feet.
Your magical nature lets you fly swiftly and evasively.


Message History

Unknown command.
Unknown command.
Casting: Shock (safe; 1% risk of failure)
Confirm with . or Enter, or press ? or * to list all spells.
Aiming: Shock (safe; 1% risk of failure)
Press: ? - help, Shift-Dir - straight line, f/p - steam dragon
Aim: a steam dragon (moderately wounded, 74% to hit)
You feel a surge of power!
The zap misses the steam dragon.
Unknown command.
Casting: Shock (safe; 1% risk of failure)
Confirm with . or Enter, or press ? or * to list all spells.
Aiming: Shock (safe; 1% risk of failure)
Press: ? - help, Shift-Dir - straight line, p - steam dragon You feel a surge of power!
The zap hits the steam dragon.
The steam dragon is heavily wounded.
The zap hits the steam dragon.
The steam dragon is heavily wounded.
The steam dragon breathes steam at you. The ball of steam hits you!!
Ouch! That really hurt!
Casting: Shock (safe; 1% risk of failure)
Confirm with . or Enter, or press ? or * to list all spells.
You don't know that spell.
You're already flying!
Unknown command.
Casting: Shock (safe; 1% risk of failure)
Confirm with . or Enter, or press ? or * to list all spells.
The spell is quite dangerous to miscast (10% risk of failure)!
Continue anyway?
Aiming: Airstrike (quite dangerous; 10% risk of failure)
Press: ? - help, Dir - move target, f - steam dragon
Aim: a steam dragon (heavily wounded, catching its breath, empty space bonus: 2/8)
You feel a surge of power!
The air twists around and strikes the steam dragon!
The steam dragon is almost dead.
You are engulfed in a cloud of scalding steam.
* * * LOW HITPOINT WARNING * * *
The steam dragon bites you.
* * * LOW HITPOINT WARNING * * *
The steam dragon claws you.
You die...

#### ##... #..#. #.### #.###
#.... ####### ##.###
#########.).D.## ######..#
###.....#..)###@.# #...(...#
........).### ##§# ##.####..#
#.......### #.# ##..###..##
..#.....# #####.###..###..####
#.....####.........###..###.#
###.#.......................#
####..#...#..........###.####.##
.....###..#..........# #.# #.. #
###......##.........# #.# #.# #


You could see a steam dragon (catching breath).

Vanquished Creatures
  An ogre (D:5)
  A phantom (D:4)
  2 scorpions (D:4)
  A howler monkey (D:4)
  A centaur skeleton (D:4)
  A gnoll shaman (D:5)
  An orc priest (D:3)
  An iguana (D:5)
  An orc wizard (D:3)
  A hound skeleton (D:5)
  4 gnolls (D:5)
  9 adders
  2 dart slugs
  4 orcs
  5 bats
  5 endoplasms
  7 giant cockroaches
  8 goblins
  11 hobgoblins
  5 kobolds
  7 quokkas
  6 ball pythons
  3 frilled lizards
  6 rats
93 creatures vanquished.

Vanquished Creatures (others)
  3 plants (D:2)
3 creatures vanquished.

Grand Total: 96 creatures vanquished

Notes
Turn   | Place    | Note
-------+----------+-------------------------------------------
     0 | D:1      | rogsnak the Tengu Air Elementalist began the quest for the
                  | Orb.
     0 | D:1      | Reached XP level 1. HP: 10/10 MP: 4/4
   159 | D:1      | Reached XP level 2. HP: 15/15 MP: 3/6
   501 | D:1      | Reached skill level 2 in Conjurations
   791 | D:2      | Reached XP level 3. HP: 19/19 MP: 0/7
  1061 | D:2      | Reached XP level 4. HP: 24/24 MP: 2/9
  1169 | D:2      | Reached skill level 5 in Air Magic
  1645 | D:2      | Reached skill level 3 in Conjurations
  1866 | D:2      | Found a faded altar of an unknown god.
  1942 | D:3      | Found Dicweh's Distillery.
  2185 | D:3      | Learned a level 4 spell: Airstrike
  2306 | D:3      | Gained mutation: Your magical nature lets you fly swiftly
                  | and evasively. [Tengu growth]
  2306 | D:3      | Reached XP level 5. HP: 28/28 MP: 7/10
  2389 | D:3      | Reached skill level 4 in Conjurations
  2843 | D:4      | Reached XP level 6. HP: 20/32 MP: 6/12
  3121 | D:4      | Reached skill level 5 in Conjurations
  3127 | D:4      | Found an opulent altar of Gozag.
  3504 | D:4      | Reached XP level 7. HP: 36/36 MP: 7/14
  3996 | D:4      | Reached skill level 6 in Conjurations
  4193 | D:5      | Entered Level 5 of the Dungeon
  4486 | D:5      | Reached skill level 7 in Conjurations
  4595 | D:5      | Noticed a steam dragon
  4621 | D:5      | HP: 1/36 [steam dragon (4)]
  4621 | D:5      | Slain by a steam dragon

Illustrated notes

Levels and vault maps discovered:
D:1:      minmay_arrival_glassed_features, layout_rooms, serial_bayou_crossing
D:2:      cheibrodos_old_hovel, layout_loops_ring,
          dreamdust_ecumenical_altar_angels_and_demons, minmay_worlds_worst_comb
D:3:      layout_rooms, serial_shops, shop, minmay_misc_feat_hallway
D:4:      minmay_thinvault, layout_cave_pods, mainiacjoe_overflow_paths,
          minmay_misc_feat_encased
D:5:      layout_rooms, nicolae_sif_muna_little_library,
          minmay_temple_entry_trees

Skill      XL: |  1  2  3  4  5  6  7 |
---------------+----------------------+-----
Conjurations   | 2 3 4 5 7 |  7.0
Air Magic      | 5 6 |  6.4
Spellcasting   | 3 4 |  4.5
Dodging        | |  2.4
Stealth        | |  2.0

Action                   |  1- 3 |  4- 6 |  7- 9 || total
-------------------------+-------+-------+-------++-------
Melee: Spear             |     2 |     5 |       ||     7
       Peck              |     2 |     2 |       ||     4
       Kick              |       |     4 |     1 ||     5
       Staff             |       |     2 |     4 ||     6
 Cast: Shock             |    56 |   110 |    57 ||   223
       Airstrike         |       |       |     1 ||     1
Armor: Robe              |     4 |     1 |     1 ||     6
Dodge: Dodged            |    13 |     7 |     6 ||    26

Table legend: (Time is in decaauts)
 A = Elapsed time spent in this place.
 B = Non-inter-level travel time spent in this place.
 C = Inter-level travel time spent in this place.
 D = Time resting spent in this place.
 E = Time spent auto-exploring this place.
 F = Levels seen in this place.
 G = Mean time per level.
                   A        B        C        D        E       F      G
               +--------+--------+--------+--------+--------+-----+--------+
         Total |   4495 |   4371 |    124 |    915 |   2746 |   5 |  899.0 |
       Dungeon |   4495 |   4371 |    124 |    915 |   2746 |   5 |  899.0 |
               +--------+--------+--------+--------+--------+-----+--------+

Top non-repeatable levels by time:
     D:4: 1289 daAuts
     D:2: 1160 daAuts
     D:3: 865 daAuts
     D:1: 767 daAuts
     D:5: 412 daAuts
